3AAA
HIALEAH DODOS @ WILMINGTON BAY HAWKS
09/02/2025
 
TOP OF THE 1ST
Hialeah Dodos batting - Pitching for Wilmington Bay Hawks : RHP Riley Breckenridge
Pitching: RHP Riley Breckenridge
Batting: SHB Javier Gonzáles 0-0: Called Strike
0-1: Ball
1-1: Fly out, F5 (Popup, 56D)
Batting: LHB Perry Bothof 0-0: Ball
1-0: Ball
2-0: Ball
3-0: Base on Balls
Batting: LHB Raúl Aguirre 0-0: Swinging Strike
0-1: Called Strike
0-2: Strikes out swinging
Batting: LHB Álex Burgos 0-0: Ball
1-0: Swinging Strike
1-1: Ball
2-1: Foul Ball, location: 2F
2-2: Strikes out swinging
Top of the 1st over - 0 run(s), 0 hit(s), 0 error(s), 1 left on base; Hialeah 0 - Wilmington 0
BOTTOM OF THE 1ST
Wilmington Bay Hawks batting - Pitching for Hialeah Dodos : RHP Sexto Rodríguez
Pitching: RHP Sexto Rodríguez
Batting: LHB Brad Lawrence 0-0: Called Strike
0-1: Ground out 3-1 (Groundball, 34)
Batting: LHB Phil Parkinson 0-0: Fly out, F4 (Popup, 4)
Batting: LHB Jorge Mojica 0-0: Ball
1-0: Swinging Strike
1-1: Ball
2-1: Foul Ball, location: 2F
2-2: Fly out, F9 (Flyball, 9D)
Bottom of the 1st over - 0 run(s), 0 hit(s), 0 error(s), 0 left on base; Hialeah 0 - Wilmington 0
TOP OF THE 2ND
Hialeah Dodos batting - Pitching for Wilmington Bay Hawks : RHP Riley Breckenridge
Batting: LHB Scott Janousek 0-0: Foul Ball, location: 2F
0-1: Ball
1-1: Ball
2-1: Foul Ball, location: 2F
2-2: Foul Ball, location: 2F
2-2: Ball
3-2: Foul Ball, location: 2F
3-2: Strikes out looking
Batting: RHB Diego Bonilla 0-0: Ball
1-0: Ball
2-0: Called Strike
2-1: Ball
3-1: Fly out, F8 (Flyball, 8LM)
Batting: RHB Vincente Rotham 0-0: Called Strike
0-1: Ball
1-1: Ball
2-1: Fly out, F7 (Flyball, 7)
Top of the 2nd over - 0 run(s), 0 hit(s), 0 error(s), 0 left on base; Hialeah 0 - Wilmington 0
BOTTOM OF THE 2ND
Wilmington Bay Hawks batting - Pitching for Hialeah Dodos : RHP Sexto Rodríguez
Batting: RHB Tanyu Kimura 0-0: Called Strike
0-1: Ground out 1-3 (Groundball, 15S)
Batting: LHB Javier Antonio 0-0: SINGLE (Flyball, 89S)
Batting: RHB Byron Isaacson 0-0: SINGLE (Line Drive, 89M)
Javier Antonio to second
Runner from 2nd tries for 3rd, SAFE, throw made to third
Pinch Runner at 3rd Stephen Johnson:
Batting: RHB Jaime Chavarriaga 0-0: Ball
1-0: Swinging Strike
1-1: Fly out, F9 (Flyball, 9)
Batting: RHB Abdul-Fattah bin Najjar 0-0: SINGLE (Line Drive, 89S)
Stephen Johnson scores
Byron Isaacson to second
Batting: RHB Phil Terry 0-0: Ball
1-0: Foul Ball, location: 2F
1-1: Foul Ball, location: 2F
1-2: Foul Ball, location: 2F
1-2: Foul Ball, location: 2F
1-2: Foul Ball, location: 2F
1-2: Ball
2-2: Ball
3-2: SINGLE (Groundball, 4MD)
Byron Isaacson to third
Abdul-Fattah bin Najjar to second
Byron Isaacson scores
Abdul-Fattah bin Najjar to third
Batting: LHB Brad Lawrence 0-0: Ball
1-0: Ball
2-0: Swinging Strike
2-1: Called Strike
2-2: Foul Ball, location: 2F
2-2: Ball
3-2: Fly out, F8 (Flyball, 78M)
Bottom of the 2nd over - 2 run(s), 4 hit(s), 0 error(s), 2 left on base; Hialeah 0 - Wilmington 2
TOP OF THE 3RD
Hialeah Dodos batting - Pitching for Wilmington Bay Hawks : RHP Riley Breckenridge
Batting: RHB Javier Santos 0-0: Swinging Strike
0-1: SINGLE (Line Drive, 9S)
Batting: SHB Juan Ortega 0-0: Ball
1-0: Foul Ball, location: 2F
1-1: Ball
2-1: Fielders Choice at 2nd, 5-4 (Groundball, 56)
Batting: SHB Javier Gonzáles 0-0: Ball
Passed Ball!
Juan Ortega to second
1-0: Ball
2-0: Ball
3-0: Base on Balls
Batting: LHB Perry Bothof 0-0: Grounds into double play, 4-6-3 (Groundball, 4)
Top of the 3rd over - 0 run(s), 1 hit(s), 0 error(s), 1 left on base; Hialeah 0 - Wilmington 2
BOTTOM OF THE 3RD
Wilmington Bay Hawks batting - Pitching for Hialeah Dodos : RHP Sexto Rodríguez
Batting: LHB Phil Parkinson 0-0: Called Strike
0-1: Called Strike
0-2: Strikes out swinging
Batting: LHB Jorge Mojica 0-0: Ball
1-0: Foul Ball, location: 2F
1-1: Fly out, F7 (Flyball, 7LS)
Batting: RHB Tanyu Kimura 0-0: Ground out 5-3 (Groundball, 5L)
Bottom of the 3rd over - 0 run(s), 0 hit(s), 0 error(s), 0 left on base; Hialeah 0 - Wilmington 2
TOP OF THE 4TH
Hialeah Dodos batting - Pitching for Wilmington Bay Hawks : RHP Riley Breckenridge
Batting: LHB Raúl Aguirre 0-0: Swinging Strike
0-1: Called Strike
0-2: Foul Ball, location: 2F
0-2: Strikes out swinging
Batting: LHB Álex Burgos 0-0: Ball
1-0: Ball
2-0: Ball
3-0: Base on Balls
Batting: LHB Scott Janousek 0-0: Ball
1-0: Swinging Strike
1-1: Ball
2-1: Ball
3-1: Base on Balls
Álex Burgos to second
Batting: RHB Diego Bonilla 0-0: Fly out, F8 (Line Drive, 8RM)
Batting: RHB Vincente Rotham 0-0: Foul Ball, location: 2F
0-1: Swinging Strike
0-2: Foul Ball, location: 2F
0-2: Strikes out looking
Top of the 4th over - 0 run(s), 0 hit(s), 0 error(s), 2 left on base; Hialeah 0 - Wilmington 2
BOTTOM OF THE 4TH
Wilmington Bay Hawks batting - Pitching for Hialeah Dodos : RHP Sexto Rodríguez
Batting: RHB Stephen Johnson 0-0: Ball
1-0: Fly out, F8 (Flyball, 78D)
Batting: RHB Byron Isaacson 0-0: Ball
1-0: Ball
2-0: Foul Ball, location: 2F
2-1: Ball
3-1: Swinging Strike
3-2: Foul Ball, location: 2F
3-2: Fly out, F3 (Line Drive, 34)
Batting: RHB Jaime Chavarriaga 0-0: Called Strike
0-1: Ball
1-1: Foul Ball, location: 2F
1-2: Ground out 6-3 (Groundball, 6)
Bottom of the 4th over - 0 run(s), 0 hit(s), 0 error(s), 0 left on base; Hialeah 0 - Wilmington 2
TOP OF THE 5TH
Hialeah Dodos batting - Pitching for Wilmington Bay Hawks : RHP Riley Breckenridge
Batting: RHB Javier Santos 0-0: Called Strike
0-1: Ground out 5-3 (Groundball, 56S)
Batting: SHB Juan Ortega 0-0: Called Strike
0-1: Swinging Strike
0-2: Ball
1-2: Foul Ball, location: 2F
1-2: SINGLE (Groundball, 4MD)
Batting: SHB Javier Gonzáles 0-0: Hit by Pitch
Juan Ortega to second
Batting: LHB Perry Bothof 0-0: Called Strike
0-1: Foul Ball, location: 2F
0-2: Grounds into double play, 4-6-3 (Groundball, 4)
Top of the 5th over - 0 run(s), 1 hit(s), 0 error(s), 1 left on base; Hialeah 0 - Wilmington 2
BOTTOM OF THE 5TH
Wilmington Bay Hawks batting - Pitching for Hialeah Dodos : RHP Sexto Rodríguez
Batting: RHB Abdul-Fattah bin Najjar 0-0: Called Strike
0-1: Ball
1-1: Ball
2-1: Foul Ball, location: 2F
2-2: Strikes out swinging
Batting: RHB Phil Terry 0-0: SINGLE (Flyball, 8LS)
Batting: LHB Brad Lawrence 0-0: Called Strike
0-1: Swinging Strike
0-2: Fly out, F4 (Popup, 4S)
Batting: LHB Phil Parkinson 0-0: Ball
1-0: Ball
2-0: Swinging Strike
2-1: Fielders Choice at 2nd, 4-6 (Groundball, 34D)
Bottom of the 5th over - 0 run(s), 1 hit(s), 0 error(s), 0 left on base; Hialeah 0 - Wilmington 2
TOP OF THE 6TH
Hialeah Dodos batting - Pitching for Wilmington Bay Hawks : RHP Riley Breckenridge
Batting: LHB Raúl Aguirre 0-0: Ball
1-0: Ball
2-0: Called Strike
2-1: Called Strike
2-2: Foul Ball, location: 2F
2-2: Strikes out swinging, 2-3 out at first.
Batting: LHB Álex Burgos 0-0: Ball
1-0: Ball
2-0: Ground out 4-3 (Groundball, 4S)
Batting: LHB Scott Janousek 0-0: Called Strike
0-1: Ball
1-1: Foul Ball, location: 2F
1-2: Fly out, F7 (Flyball, 7S)
Top of the 6th over - 0 run(s), 0 hit(s), 0 error(s), 0 left on base; Hialeah 0 - Wilmington 2
BOTTOM OF THE 6TH
Wilmington Bay Hawks batting - Pitching for Hialeah Dodos : RHP Sexto Rodríguez
Batting: LHB Jorge Mojica 0-0: Foul Ball, location: 2F
0-1: Fly out, F9 (Flyball, 89S)
Batting: RHB Tanyu Kimura 0-0: Ball
1-0: Foul Ball, location: 2F
1-1: Ball
2-1: Ground out 3-1 (Groundball, 34S)
Batting: RHB Stephen Johnson 0-0: Ball
1-0: Ball
2-0: Called Strike
2-1: Ball
3-1: Base on Balls
Batting: RHB Byron Isaacson 0-0: Called Strike
0-1: Ball
1-1: Ball
2-1: Ball
3-1: Called Strike
3-2: Strikes out looking
Bottom of the 6th over - 0 run(s), 0 hit(s), 0 error(s), 1 left on base; Hialeah 0 - Wilmington 2
TOP OF THE 7TH
Hialeah Dodos batting - Pitching for Wilmington Bay Hawks : RHP Riley Breckenridge
Batting: RHB Diego Bonilla 0-0: SINGLE (Groundball, 34S) (infield hit)
Batting: RHB Vincente Rotham 0-0: Called Strike
Diego Bonilla steals 2nd base
0-1: Called Strike
0-2: Strikes out swinging
Pitching: RHP Manny Hernández
Batting: RHB Javier Santos 0-0: Called Strike
0-1: Ball
1-1: Ball
2-1: Ground out 6-3 (Groundball, 6)
Batting: SHB Juan Ortega 0-0: Ball
1-0: Ball
2-0: Called Strike
2-1: Ball
3-1: Base on Balls
Pinch Hitting: LHB Alfonso Núñez 0-0: Ball
1-0: Ball
Wild Pitch!
Diego Bonilla to third
Juan Ortega to second
2-0: Ball
3-0: Base on Balls
Batting: LHB Perry Bothof 0-0: Ball
1-0: Foul Ball, location: 2F
1-1: Foul Ball, location: 2F
1-2: Foul Ball, location: 2F
1-2: Ground out U3 (Groundball, 3L)
Top of the 7th over - 0 run(s), 1 hit(s), 0 error(s), 3 left on base; Hialeah 0 - Wilmington 2
BOTTOM OF THE 7TH
Wilmington Bay Hawks batting - Pitching for Hialeah Dodos : RHP Sexto Rodríguez
Now in RF: Alfonso Núñez
Batting: RHB Jaime Chavarriaga 0-0: Ball
1-0: Ball
2-0: Ball
3-0: Called Strike
3-1: Fly out, F8 (Line Drive, 8RS)
Batting: RHB Abdul-Fattah bin Najjar 0-0: Ball
1-0: Ball
2-0: Called Strike
2-1: Fly out, F4 (Flyball, 34D)
Batting: RHB Phil Terry 0-0: Fly out, F9 (Flyball, 89M)
Bottom of the 7th over - 0 run(s), 0 hit(s), 0 error(s), 0 left on base; Hialeah 0 - Wilmington 2
TOP OF THE 8TH
Hialeah Dodos batting - Pitching for Wilmington Bay Hawks : RHP Manny Hernández
Batting: LHB Raúl Aguirre 0-0: SINGLE (Groundball, 34) (infield hit)
Pitching: LHP Dalton García
Batting: LHB Álex Burgos 0-0: Ball
1-0: Swinging Strike
1-1: Ball
2-1: Foul Ball, location: 2F
2-2: Strikes out swinging
Batting: LHB Scott Janousek 0-0: Ball
1-0: Fly out, F8 (Flyball, 78M)
Pitching: RHP Dominic Parker
Batting: RHB Diego Bonilla 0-0: Fly out, F6 (Popup, 56D)
Top of the 8th over - 0 run(s), 1 hit(s), 0 error(s), 1 left on base; Hialeah 0 - Wilmington 2
BOTTOM OF THE 8TH
Wilmington Bay Hawks batting - Pitching for Hialeah Dodos : RHP Sexto Rodríguez
Batting: LHB Brad Lawrence 0-0: Called Strike
0-1: Ground out 6-3 (Groundball, 6)
Batting: LHB Phil Parkinson 0-0: Ball
1-0: Ball
2-0: Ball
3-0: Base on Balls
Batting: LHB Jorge Mojica 0-0: Ball
1-0: Foul Ball, location: 2F
1-1: Ball
2-1: Ball
3-1: Base on Balls
Phil Parkinson to second
Pitching: RHP César Galló
Batting: RHB Tanyu Kimura 0-0: Swinging Strike
0-1: Grounds into double play, 5-4-3 (Groundball, 5)
Bottom of the 8th over - 0 run(s), 0 hit(s), 0 error(s), 1 left on base; Hialeah 0 - Wilmington 2
TOP OF THE 9TH
Hialeah Dodos batting - Pitching for Wilmington Bay Hawks : RHP Dominic Parker
Pitching: RHP Will O'Slattery
Batting: RHB Vincente Rotham 0-0: TRIPLE (Flyball, 9LD)
Pinch Hitting: SHB Vincente Ybarra 0-0: Reached on error, E4 (Groundball, 4)
Vincente Rotham scores
Batting: SHB Juan Ortega 0-0: Bunt missed!
0-1: Ball
1-1: Bunt missed!
1-2: Foul Ball, location: 2F
1-2: Ball
2-2: Ball
3-2: Foul Ball, location: 2F
3-2: 2-RUN HOME RUN (Flyball, 89XD), Distance : 399 ft
Pitching: RHP Jen-djieh Si
Batting: LHB Alfonso Núñez 0-0: Ball
1-0: Foul Ball, location: 2F
1-1: Ball
2-1: Ball
3-1: Foul Ball, location: 2F
3-2: Fly out, F8 (Flyball, 8LM)
Batting: LHB Perry Bothof 0-0: Ball
1-0: Swinging Strike
1-1: Foul Ball, location: 2F
1-2: Ball
2-2: Ground out U3 (Groundball, 34)
Batting: LHB Raúl Aguirre 0-0: Ball
1-0: Ball
2-0: Foul Ball, location: 2F
2-1: SINGLE (Groundball, 34D)
Batting: LHB Álex Burgos 0-0: Ball
Throwing error on steal attempt, E2
Raúl Aguirre to third
1-0: Called Strike
1-1: Fly out, F8 (Line Drive, 8RD)
Top of the 9th over - 3 run(s), 3 hit(s), 2 error(s), 1 left on base; Hialeah 3 - Wilmington 2
BOTTOM OF THE 9TH
Wilmington Bay Hawks batting - Pitching for Hialeah Dodos : RHP César Galló
Pitching: RHP Santiago Maes
Now at 1B: Ji-chol Yang
Now at 2B: Zander Bailey
Batting: RHB Stephen Johnson 0-0: Swinging Strike
0-1: Swinging Strike
0-2: Ball
1-2: Foul Ball, location: 2F
1-2: Ball
2-2: Strikes out swinging
Batting: RHB Byron Isaacson 0-0: Foul Ball, location: 2F
0-1: Reached via error on a dropped throw, E1
Pinch Hitting: RHB Artie Miller 0-0: Ball
1-0: Ball
2-0: Ground out 5-3 (Groundball, 5S)
Byron Isaacson to second
Batting: RHB Abdul-Fattah bin Najjar 0-0: Fly out, F8 (Flyball, 8LXD)
Bottom of the 9th over - 0 run(s), 0 hit(s), 1 error(s), 1 left on base; Hialeah 3 - Wilmington 2
Friday, December 30th, 2016 - OOTP Baseball 17.12 Build 75